 Dungeon Crawl Stone Soup version 0.31-a0-180-g519b7de00c (webtiles) character file.

Game seed: 1393571663479211484

1556 qw the Skirmisher (level 8, 0/67 (74) HPs)
             Began as a Naga Hunter on June 19, 2023.
             Was a Follower of Okawaru.
             Slain by a wight
             ... wielding a +4 dagger
              (9 damage)
             ... on level 6 of the Dungeon.
             The game lasted 00:01:52 (5610 turns).

qw the Skirmisher (Naga Hunter)                     Turns: 5610, Time: 00:01:53

HP:   0/67 (74)     AC:  6    Str: 14    XL:     8   Next: 88%
MP:   8/10          EV: 13    Int: 10    God:    Okawaru [*.....]
Gold: 317           SH:  0    Dex: 16    Spells: 7/7 levels left

rFire   . . .        Y - +2 shortbow
rCold   . . .        (shield currently unavailable)
rNeg    . . .        c - +0 leather armour
rPois   +            d - +0 helmet
rElec   .            (no cloak)
rCorr   .            (no gloves)
SInv    +            (no barding)
Will    +....        (no amulet)
Stlth   +++          (no ring)
HPRegen 0.31/turn    (no ring)
MPRegen 0.12/turn

%: no passive effects
@: about to teleport, heroic, drained, very slow
A: AC +2, large, see invisible, deformed body, poison resistance, slowness 2,
spit poison 1, naga tail 1
a: Spit Poison, Renounce Religion, Heroism


You were on level 6 of the Dungeon.
You worshipped Okawaru.
Okawaru was aware of your devotion.
You visited 2 branches of the dungeon, and saw 8 of its levels.

You collected 317 gold pieces.


Innate Abilities, Weirdness & Mutations

Your serpentine skin is tough. (AC +2)
You have supernaturally acute eyesight. (SInv)
Armour fits poorly on your strangely shaped body.
Your system is resistant to poisons. (rPois)
You cover ground very slowly.
You can spit poison.
You have a snake-like lower body.


   Skills:
 - Level 5.0(10.0) Fighting
 - Level 9.1(14.1) Ranged Weapons
 + Level 0.0(5.0) Armour
 - Level 2.3(7.3) Dodging
 - Level 1.5(6.5) Stealth
 + Level 2.9 Invocations


You had 7 spell levels left.
You didn't know any spells.
Your spell library was empty.

Inventory:

Hand Weapons
 Y - a +2 shortbow (weapon)
Armour
 c - a +0 leather armour (worn)
 d - a +0 helmet (worn)
Jewellery
 j - a ring of fire
Wands
 l - a wand of digging (5)
Scrolls
 i - a scroll of identify
 k - 2 scrolls of teleportation
Potions
 a - a potion of curing
 e - a potion of might {unknown}
 f - a potion of haste {unknown}
 g - a potion of resistance
 h - a potion of attraction {unknown}
 m - a potion of berserk rage {unknown}

Dungeon Overview and Level Annotations

Branches:
Dungeon (7/15)             Temple (1/1) D:4

Altars:
Ashenzari
Cheibriados
Dithmenos
Elyvilon
Fedhas
Gozag
Hepliaklqana
Kikubaaqudgha
Makhleb
Nemelex Xobeh
Okawaru
Qazlal
Ru
Sif Muna
Trog
Uskayaw
Vehumet
Wu Jian
Yredelemnul
The Shining One

Annotations:
D:3 1 runed translucent door, Crazy Yiuf


Message History

There is an open door here.
There is a stone staircase leading down here.
You climb downwards.
There is a stone staircase leading up here.
There are monsters nearby!
Waypoint 7 assigned to D:7.
You shoot an arrow. The arrow hits the wight!
The wight is heavily damaged.
A wight comes into view. It is wielding a +0 battleaxe.
You shoot an arrow.
The arrow hits the wight but does no damage.
The wight is heavily damaged.
The wight completely misses you.
The wight hits you from afar with a +0 spear!
You shoot an arrow. The arrow hits the wight.
The wight is severely damaged.
The wight hits you with a +4 dagger. The wight misses you.
The wight hits you from afar with a +0 spear.
The wight hits you with a +1 short sword.
You feel drained.
5605 ||| STAIRDANCE The wight closely misses you.
The wight hits you with a +4 dagger.
You feel drained. The wight hits you with a +0 battleaxe!
You feel drained.
The wight hits you with a +1 short sword!
You feel drained.
You climb upwards.
There is a stone staircase leading down here.
5607 ||| INVOKING Heroism.
You gain the combat prowess of a mighty hero.
The wight hits you with a +0 battleaxe! The wight hits you but does no damage.
The wight barely misses you.
5608 ||| READING 3 scrolls of teleportation.
As you read the scroll of teleportation, it crumbles to dust.
You feel strangely unstable. The wight closely misses you.
The wight hits you with a +4 dagger.
The wight hits you with a +1 short sword.
You feel drained.
You shoot an arrow. The arrow closely misses the wight.
You shoot an arrow. The arrow closely misses the wight.
The wight misses you. The wight hits you with a +4 dagger!
You die...

.......#............'..........'.
.......#............#..........#.
.......###'##################+##.
.................................
.................................
.................................
.)...............................
.................................
...............z@z...............
.................z...............
.................................
.................................
###########'#####'#####'######'##
#.....'.....#............
#.....#.....#............
#.....#....<+............
##########'####...####.##...##...


You could see 3 wights.

Vanquished Creatures
  Grinder (D:3)
  An orc warrior (D:6)
  An ogre (D:6)
  A sky beast (D:6)
  A centaur (D:5)
  2 phantoms
  4 scorpions
  A howler monkey (D:5)
  A jelly (D:5)
  2 hounds
  3 orc priests
  A sleepcap (D:6)
  A gnoll bouda (D:6)
  Jessica (D:3)
  3 iguanas
  Robin (D:3)
  8 adders
  4 gnolls (D:6)
  A shadow imp (D:6)
  3 white imps
  3 dart slugs
  11 orcs
  10 ball pythons
  5 endoplasms
  4 giant cockroaches
  14 goblins
  6 hobgoblins
  2 jackals (D:4)
  2 quokkas
  2 bats
  2 frilled lizards
  4 kobolds
  6 rats
112 creatures vanquished.

Notes
Turn   | Place    | Note
-------+----------+-------------------------------------------
     0 | D:1      | qw the Naga Hunter began the quest for the Orb.
     0 | D:1      | Reached XP level 1. HP: 19/19 MP: 1/1
     0 | D:1      | 0 ||| qw: Version: 0.3-a-7-ge0c9b40
     0 | D:1      | 0 ||| qw: Game counter: 984
     0 | D:1      | 0 ||| qw: Always use a shield: true
     0 | D:1      | 0 ||| qw: God list: Okawaru
     0 | D:1      | 0 ||| qw: Allow faded altars: false
     0 | D:1      | 0 ||| qw: Do Orc after D:15 true
     0 | D:1      | 0 ||| qw: Do second Lair branch before Depths: true
     0 | D:1      | 0 ||| qw: Lair rune preference: random
     0 | D:1      | 0 ||| qw: Plans: Normal
     0 | D:1      | 0 ||| PLANNING D:1-11
    30 | D:1      | 30 ||| INVOKING Spit Poison.
    51 | D:1      | 51 ||| INVOKING Spit Poison.
    58 | D:1      | 58 ||| INVOKING Spit Poison.
    59 | D:1      | 59 ||| INVOKING Spit Poison.
    91 | D:1      | 91 ||| INVOKING Spit Poison.
    96 | D:1      | 96 ||| INVOKING Spit Poison.
   165 | D:1      | 165 ||| INVOKING Spit Poison.
   167 | D:1      | Reached skill level 4 in Ranged Weapons
   167 | D:1      | Reached XP level 2. HP: 25/26 MP: 2/2
   170 | D:1      | 170 ||| INVOKING Spit Poison.
   233 | D:1      | 233 ||| INVOKING Spit Poison.
   282 | D:1      | 282 ||| INVOKING Spit Poison.
   290 | D:1      | 290 ||| INVOKING Spit Poison.
   418 | D:1      | 418 ||| INVOKING Spit Poison.
   549 | D:1      | 549 ||| INVOKING Spit Poison.
   552 | D:1      | 552 ||| INVOKING Spit Poison.
   553 | D:1      | 553 ||| INVOKING Spit Poison.
   554 | D:1      | Reached XP level 3. HP: 32/32 MP: 3/3
   563 | D:1      | 563 ||| READING scroll labelled XIODDU ISONIA.
   564 | D:1      | 564 ||| READING scroll labelled NASIAMUURO.
   565 | D:1      | 565 ||| READING scroll labelled FILUSMAJAO.
   623 | D:1      | 623 ||| READING scroll labelled JEDDEI RORE.
   628 | D:1      | 628 ||| DROPPING scroll of butterflies.
   651 | D:2      | 651 ||| INVOKING Spit Poison.
   669 | D:2      | 669 ||| INVOKING Spit Poison.
   672 | D:2      | 672 ||| INVOKING Spit Poison.
   737 | D:2      | 737 ||| INVOKING Spit Poison.
   746 | D:2      | 746 ||| INVOKING Spit Poison.
   751 | D:2      | 751 ||| INVOKING Spit Poison.
   900 | D:2      | 900 ||| INVOKING Spit Poison.
  1011 | D:2      | 1011 ||| INVOKING Spit Poison.
  1016 | D:2      | 1016 ||| INVOKING Spit Poison.
  1018 | D:2      | Reached skill level 5 in Ranged Weapons
  1155 | D:2      | 1155 ||| INVOKING Spit Poison.
  1156 | D:2      | Reached XP level 4. HP: 39/39 MP: 4/4
  1204 | D:2      | 1204 ||| INVOKING Spit Poison.
  1216 | D:2      | 1216 ||| DROPPING +6 ring of intelligence.
  1217 | D:2      | 1217 ||| READING scroll labelled VIWOWILAGA.
  1218 | D:2      | 1218 ||| READING scroll labelled HEQUACEGOM.
  1219 | D:2      | 1219 ||| DRINKING 2 inky potions.
  1313 | D:3      | 1313 ||| READING scroll of enchant weapon.
  1313 | D:3      | 1313 ||| ENCHANTING +1 shortbow.
  1340 | D:3      | 1340 ||| INVOKING Spit Poison.
  1346 | D:3      | 1346 ||| INVOKING Spit Poison.
  1347 | D:3      | Reached skill level 3 in Fighting
  1352 | D:3      | 1352 ||| INVOKING Spit Poison.
  1353 | D:3      | Reached XP level 5. HP: 41/49 MP: 5/5
  1445 | D:3      | Found a snail-covered altar of Cheibriados.
  1565 | D:3      | Noticed Robin
  1566 | D:3      | 1566 ||| INVOKING Spit Poison.
  1567 | D:3      | 1567 ||| Stepping ~*~*~tactically~*~*~ (outnumbered).
  1570 | D:3      | 1570 ||| Stepping ~*~*~tactically~*~*~ (outnumbered).
  1571 | D:3      | 1571 ||| INVOKING Spit Poison.
  1578 | D:3      | 1578 ||| INVOKING Spit Poison.
  1581 | D:3      | 1581 ||| INVOKING Spit Poison.
  1583 | D:3      | Killed Robin
  1616 | D:3      | 1616 ||| INVOKING Spit Poison.
  1690 | D:3      | 1690 ||| INVOKING Spit Poison.
  1709 | D:3      | Noticed Grinder
  1712 | D:3      | 1712 ||| INVOKING Spit Poison.
  1716 | D:3      | HP: 10/49 [Grinder/nerve-wracking pain (11)]
  1717 | D:3      | 1717 ||| READING scroll of teleportation.
  1718 | D:3      | 1718 ||| INVOKING Spit Poison.
  1720 | D:3      | HP: 4/49 [quokka (2)]
  1721 | D:3      | 1721 ||| INVOKING Spit Poison.
  1990 | D:3      | 1990 ||| INVOKING Spit Poison.
  2007 | D:3      | Found a runed translucent door.
  2008 | D:3      | Noticed Crazy Yiuf
  2052 | D:3      | Found a radiant altar of Vehumet.
  2105 | D:3      | Noticed a phantom
  2126 | D:3      | Killed a phantom
  2127 | D:3      | Reached skill level 6 in Ranged Weapons
  2127 | D:3      | Reached XP level 6. HP: 19/56 MP: 6/6
  2287 | D:3      | Noticed Jessica
  2290 | D:3      | 2290 ||| INVOKING Spit Poison.
  2291 | D:3      | Killed Jessica
  2301 | D:3      | Found a shimmering blue altar of Sif Muna.
  2362 | D:3      | 2362 ||| INVOKING Spit Poison.
  2370 | D:3      | Paralysed by Grinder for 5 turns
  2377 | D:3      | Paralysed by Grinder for 4 turns
  2388 | D:3      | HP: 14/56 [Grinder (7)]
  2389 | D:3      | Killed Grinder
  2390 | D:3      | Reached XP level 7. HP: 13/67 MP: 7/7
  2643 | D:3      | 2643 ||| UPGRADING to +0 helmet.
  2648 | D:3      | 2648 ||| READING scroll labelled XACYDGHIUVA.
  2649 | D:3      | 2649 ||| READING scroll labelled QOLIB MUETOLEA.
  2697 | D:4      | 2697 ||| INVOKING Spit Poison.
  2701 | D:4      | 2701 ||| INVOKING Spit Poison.
  2704 | D:4      | 2704 ||| STAIRDANCE
  2706 | D:3      | 2706 ||| INVOKING Spit Poison.
  2709 | D:3      | 2709 ||| INVOKING Spit Poison.
  2865 | D:4      | Found a staircase to the Ecumenical Temple.
  2866 | D:4      | 2866 ||| PLANNING TEMPLE
  2911 | D:4      | 2911 ||| INVOKING Spit Poison.
  2925 | D:4      | 2925 ||| INVOKING Spit Poison.
  2957 | D:4      | 2957 ||| INVOKING Spit Poison.
  2989 | D:4      | 2989 ||| INVOKING Spit Poison.
  3068 | D:4      | Found a blossoming altar of Fedhas.
  3068 | D:4      | Found a stormy altar of Qazlal.
  3069 | D:4      | 3069 ||| READING scroll labelled OXZORU MARITA.
  3113 | Temple   | Entered the Ecumenical Temple
  3267 | Temple   | 3267 ||| PLANNING D:1-11
  3389 | D:4      | 3389 ||| INVOKING Spit Poison.
  3396 | D:4      | 3396 ||| INVOKING Spit Poison.
  3439 | D:4      | 3439 ||| INVOKING Spit Poison.
  3566 | D:5      | Entered Level 5 of the Dungeon
  3566 | D:5      | Found an iron altar of Okawaru.
  3567 | D:5      | 3567 ||| PLANNING OKAWARU WORSHIP
  3567 | D:5      | 3567 ||| STAIRDANCE
  3576 | D:5      | Became a worshipper of Warmaster Okawaru
  3577 | D:5      | 3577 ||| PLANNING D:1-11
  3673 | D:5      | 3673 ||| INVOKING Spit Poison.
  3680 | D:5      | 3680 ||| INVOKING Spit Poison.
  3685 | D:5      | 3685 ||| INVOKING Spit Poison.
  3689 | D:5      | 3689 ||| INVOKING Spit Poison.
  3701 | D:5      | 3701 ||| INVOKING Spit Poison.
  3707 | D:5      | 3707 ||| INVOKING Spit Poison.
  3741 | D:5      | 3741 ||| INVOKING Spit Poison.
  3744 | D:5      | 3744 ||| INVOKING Spit Poison.
  3757 | D:5      | 3757 ||| INVOKING Spit Poison.
  3760 | D:5      | Reached skill level 7 in Ranged Weapons
  3799 | D:5      | 3799 ||| INVOKING Spit Poison.
  3800 | D:5      | 3800 ||| INVOKING Spit Poison.
  3805 | D:5      | 3805 ||| INVOKING Spit Poison.
  3807 | D:5      | 3807 ||| FLEEEEING.
  3808 | D:5      | 3808 ||| FLEEEEING.
  3809 | D:5      | 3809 ||| FLEEEEING.
  3810 | D:5      | 3810 ||| FLEEEEING.
  3811 | D:5      | 3811 ||| STAIRDANCE
  3902 | D:4      | 3902 ||| READING 2 scrolls of identify.
  3902 | D:4      | 3902 ||| IDENTIFYING sedimented white potion
  3905 | D:5      | 3905 ||| INVOKING Spit Poison.
  3910 | D:5      | 3910 ||| INVOKING Spit Poison.
  3913 | D:5      | 3913 ||| INVOKING Spit Poison.
  3917 | D:5      | 3917 ||| INVOKING Spit Poison.
  3961 | D:5      | 3961 ||| INVOKING Spit Poison.
  3967 | D:5      | 3967 ||| INVOKING Spit Poison.
  3971 | D:5      | 3971 ||| INVOKING Spit Poison.
  3976 | D:5      | Reached XP level 8. HP: 66/74 MP: 8/8
  4061 | D:5      | Found a sparkling altar of Nemelex Xobeh.
  4229 | D:5      | 4229 ||| DRINKING 2 orange potions.
  4230 | D:5      | 4230 ||| DROPPING potion of brilliance.
  4332 | D:6      | 4332 ||| INVOKING Spit Poison.
  4336 | D:6      | 4336 ||| INVOKING Spit Poison.
  4341 | D:6      | Reached * piety under Okawaru
  4515 | D:6      | Found an opulent altar of Gozag.
  4646 | D:6      | 4646 ||| INVOKING Heroism.
  4647 | D:6      | 4647 ||| INVOKING Spit Poison.
  4648 | D:6      | 4648 ||| Stepping ~*~*~tactically~*~*~ (outnumbered).
  4649 | D:6      | 4649 ||| Stepping ~*~*~tactically~*~*~ (outnumbered).
  4653 | D:6      | Reached skill level 8 in Ranged Weapons
  4655 | D:6      | 4655 ||| INVOKING Spit Poison.
  4656 | D:6      | 4656 ||| INVOKING Spit Poison.
  4657 | D:6      | 4657 ||| INVOKING Heroism.
  4665 | D:6      | 4665 ||| INVOKING Spit Poison.
  4779 | D:6      | 4779 ||| INVOKING Spit Poison.
  4784 | D:6      | 4784 ||| INVOKING Spit Poison.
  4807 | D:6      | 4807 ||| INVOKING Spit Poison.
  4822 | D:6      | Reached skill level 1 in Invocations
  4879 | D:6      | Found a bloodstained altar of Trog.
  4880 | D:6      | 4880 ||| INVOKING Heroism.
  4881 | D:6      | 4881 ||| INVOKING Spit Poison.
  4906 | D:6      | 4906 ||| INVOKING Spit Poison.
  4911 | D:6      | 4911 ||| INVOKING Spit Poison.
  4916 | D:6      | 4916 ||| INVOKING Spit Poison.
  4964 | D:6      | 4964 ||| INVOKING Spit Poison.
  5142 | D:6      | 5142 ||| INVOKING Spit Poison.
  5217 | D:6      | 5217 ||| INVOKING Spit Poison.
  5222 | D:6      | 5222 ||| INVOKING Spit Poison.
  5226 | D:6      | Reached skill level 9 in Ranged Weapons
  5512 | D:6      | 5512 ||| DRINKING 2 emerald potions.
  5539 | D:6      | 5539 ||| DROPPING potion of lignification.
  5605 | D:7      | 5605 ||| STAIRDANCE
  5607 | D:6      | 5607 ||| INVOKING Heroism.
  5607 | D:6      | HP: 15/68 [wight/+0 battleaxe (9)]
  5608 | D:6      | 5608 ||| READING 3 scrolls of teleportation.
  5610 | D:6      | Slain by a wight

Levels and vault maps discovered:
D:1:      minmay_arrival_split_and_join, layout_rooms,
          chequers_serial_rivers_micro_a
D:2:      layout_basic
D:3:      layout_loops_ring, overflow_temple_1_default, tgw_sif,
          mainiacjoe_overflow_chevrons, uniq_grinder, uniq_robin,
          uniq_crazy_yiuf_cottage
D:4:      layout_rooms, grunt_temple_overflow_forces_of_nature, temple_pool_b
D:5:      layout_rooms, mainiacjoe_overflow_tiny_flanked,
          nicolae_overflow_crystal_walls
D:6:      layout_gridville, trog_butcher_becter, lemuel_round_altar, nrook_uturn
D:7:      layout_basic, amcnicky_altar_gilded,
          gammafunk_ghost_berserking_beasts, minmay_curled_crystal,
          minmay_misc_feat_five, grunt_ministairs_2,
          minmay_fractal_squares_diagonal_5, uniq_menkaure, uniq_joseph
Temple:   nicolae_temple_bog_church

Skill      XL: |  1  2  3  4  5  6  7  8 |
---------------+-------------------------+-----
Ranged Weapons | 4 5 6 7 9 |  9.1
Fighting       | 3 5 |  5.0
Dodging        | 2 |  2.3
Invocations    | 2 |  2.9
Stealth        | |  1.5

Action                     |  1- 3 |  4- 6 |  7- 9 || total
---------------------------+-------+-------+-------++-------
   Fire: Shortbow          |    55 |    77 |   186 ||   318
 Invoke: Heroism           |       |       |     4 ||     4
Ability: Spit Poison       |    23 |    16 |    45 ||    84
    Use: Scroll            |     4 |     4 |     5 ||    13
         Potion            |       |     1 |     2 ||     3
 Armour: Leather armour    |     2 |    11 |    15 ||    28
  Dodge: Dodged            |     7 |    22 |    61 ||    90

Table legend:
 A = Non-vault XP
 B = Vault XP
 C = Vault XP percentage of total XP
 D = Non-vault monster count
 E = Vault monster count
 F = Vault count percentage of total count
                 A         B        C        D         E       F
            +---------+---------+-------+---------+---------+-------
      Total |    1524 |     699 |  31.4 |      95 |      17 |  15.2
            +---------+---------+-------+---------+---------+-------
        D:1 |      34 |       0 |   0.0 |      18 |       0 |   0.0
        D:2 |      61 |       0 |   0.0 |      18 |       0 |   0.0
        D:3 |     215 |     358 |  62.5 |      12 |      13 |  52.0
        D:4 |      81 |       0 |   0.0 |      12 |       0 |   0.0
        D:5 |     529 |       0 |   0.0 |      18 |       0 |   0.0
        D:6 |     604 |     341 |  36.1 |      17 |       4 |  19.0
            +---------+---------+-------+---------+---------+-------
